 Dungeon Sprint DCSS version 0.27-a0-216-g1fbed8a51c (webtiles) character file.

Game seed: 381926404598329215

133 mhtbhm the Insei (level 5, -8/39 HPs)
             Began as an Octopode Transmuter on Jan 31, 2021.
             Was an Initiate of Sif Muna.
             Mangled by a fire elemental (15 damage)
             ... summoned by a deep elf pyromancer
             ... in the Dungeon (Sprint III: "The Ten Rune Challenge").
             The game lasted 00:01:17 (681 turns).

mhtbhm the Insei (Octopode Transmuter)               Turns: 681, Time: 00:01:17

Health: -8/39      AC:  5    Str: 12    XL:     5   Next: 16%
Magic:  7/11       EV: 11    Int: 15    God:    Sif Muna [......]
Gold:   44         SH:  0    Dex: 13    Spells: 2/12 levels left

rFire    x . .     SeeInvis +     - Unarmed
rCold    + + +     Faith    .   (shield currently unavailable)
rNeg     . . .     Spirit   .   (helmet currently unavailable)
rPois    +         Reflect  .   (no amulet)
rElec    .         Harm     .   (no ring)
rCorr    .         Rampage  .   (no ring)
Will     .....     NoTele   +   (no ring)
Stlth    ++........             (no ring)
HPRegen  0.13/turn              (no ring)
MPRegen  0.12/turn              (no ring)
                                (no ring)
                                (no ring)

@: ice-form
A: large, almost no armour, stealthy swim, amphibious, 8 rings, (constrict 8),
see invisible, strong 1
a: End Transformation, Renounce Religion


You were in the Dungeon.
You worshipped Sif Muna.
Sif Muna was noncommittal.
You were a creature of crystalline ice.
You visited 1 branch You collected 44 gold pieces.

Inventory:

Scrolls
 a - a scroll of magic mapping {unknown}
 g - a scroll of blinking
 h - a scroll of torment {unknown}
 i - a scroll of remove curse {unknown}
 j - 2 scrolls of random uselessness {unknown}
 l - a scroll of immolation {unknown}
 m - a scroll of fear {unknown}
Potions
 b - 3 potions of mutation
 d - a potion of haste
 e - 2 potions of magic
 k - a potion of lignification {unknown}
 n - a potion of brilliance {unknown}
 o - a potion of flight {unknown}


   Skills:
 + Level 1.0 Fighting
 + Level 4.2 Dodging
 + Level 3.0 Stealth
 + Level 7.1 Unarmed Combat
 + Level 4.2 Spellcasting
 + Level 4.5 Transmutations


You had 2 spell levels left.
You knew the following spells:

 Your Spells              Type           Power        Failure   Level
a - Beastly Appendage     Tmut           32%          2%          1
b - Wereblood             Tmut           16%          4%          2
c - Spider Form           Tmut/Pois      5%           21%         3
d - Ice Form              Ice/Tmut       10%          56%         4

Your spell library contained the following spells:

 Spells                   Type           Power        Failure   Level
 Animate Skeleton         Necr           6%           19%         1
 Apportation              Tloc           6%           19%         1
 Corona                   Hex            3%           19%         1
 Summon Small Mammal      Summ           12%          19%         1
 Blade Hands              Tmut           8%           58%         5


Dungeon Overview and Level Annotations

Branches:
Dungeon (1/1)

Altars:
Elyvilon
Kikubaaqudgha
Sif Muna
Vehumet
Zin
The Shining One


Innate Abilities, Weirdness & Mutations

You cannot wear most types of armour.
You are very stealthy in the water. (Stealth+)
You are amphibious.
You can wear up to eight rings at the same time.
((You can use your tentacles to constrict eight enemies at once.))
((Your skin changes colour to match your surroundings (Stealth+).))
((Your rubbery body absorbs attacks. (AC +1, EV +1)))
((You are partially covered in icy blue scales. (AC +2)))
You have supernaturally acute eyesight. (SInv)
Your muscles are strong. (Str +2)


Message History

You are too injured to fight recklessly!
You are too injured to fight recklessly!
You are too injured to fight recklessly!
You are too injured to fight recklessly!
You are too injured to fight recklessly!
You are too injured to fight recklessly!
You are too injured to fight recklessly!
You are too injured to fight recklessly!
You are too injured to fight recklessly!
Unknown command.
You feel much better. The fire elemental hits you.
The fire elemental burns you! The fire burns you terribly!
* * * LOW HITPOINT WARNING * * *
The deep elf pyromancer barely misses you.
Okay, then.
You pummel the deep elf pyromancer!! You freeze the deep elf pyromancer.
The deep elf pyromancer is heavily wounded.
The fire elemental hits you. The fire elemental burns you!
The fire burns you terribly!
You die...

▓▓▓▓▓▓▓▓ ▓▓▓ .'...♣.♣
♣.##### .#....♣ ♣.#__°#
##....♣♣ ♣.#.eE#
.#....≈♣♣♣♣♣.###Y#+###+##
.#...≈≈♣.♣♣..#..........#
.#..≈≈≈≈♣.♣..'.⌠........#
'#..≈≈≈≈≈≈♣♣.#...######+#
†#.≈≈≈≈≈≈....#.⌠.#
.#.≈≈≈≈≈.....#...#
.#.≈≈≈.......#)###
##...........#)..#
.......÷.....#___#


You could see a deep elf pyromancer and a fire elemental (summoned).

Vanquished Creatures
  A water elemental (D)
  A wizard (D)
  A human (D)
  A kobold demonologist (D)
  An ooze (D)
  A phantom (D)
  3 rats (D)
9 creatures vanquished.

Notes
Turn   | Place    | Note
-------+----------+-------------------------------------------
     0 | D        | mhtbhm the Octopode Transmuter began the quest for the Orb.
     0 | D        | Reached XP level 1. HP: 13/13 MP: 3/3
    81 | D        | Reached skill level 4 in Unarmed Combat
    84 | D        | Reached XP level 2. HP: 15/18 MP: 3/5
   126 | D        | Learned a level 2 spell: Wereblood
   152 | D        | Reached skill level 1 in Stealth
   152 | D        | Reached skill level 5 in Unarmed Combat
   152 | D        | Reached XP level 3. HP: 18/23 MP: 5/7
   268 | D        | Learned a level 3 spell: Spider Form
   293 | D        | Gained mutation: You are partially covered in icy blue
                  | scales. (AC +2) [potion of mutation]
   293 | D        | Gained mutation: You have supernaturally acute eyesight.
                  | (SInv) [potion of mutation]
   293 | D        | Gained mutation: Your muscles are strong. (Str +2) [potion
                  | of mutation]
   312 | D        | Noticed a water elemental
   317 | D        | Killed a water elemental
   318 | D        | Reached skill level 6 in Unarmed Combat
   318 | D        | Reached XP level 4. HP: 9/28 MP: 4/9
   504 | D        | Learned a level 4 spell: Ice Form
   613 | D        | Found a radiant altar of Vehumet.
   613 | D        | Found a shimmering blue altar of Sif Muna.
   613 | D        | Found an ancient bone altar of Kikubaaqudgha.
   613 | D        | Noticed a wizard
   615 | D        | Killed a wizard
   616 | D        | Reached XP level 5. HP: 33/33 MP: 4/11
   624 | D        | Reached skill level 7 in Unarmed Combat
   633 | D        | Became a worshipper of Sif Muna the Loreminder
   676 | D        | Found a glowing silver altar of Zin.
   676 | D        | Found a glowing golden altar of the Shining One.
   676 | D        | Found a white marble altar of Elyvilon.
   676 | D        | Noticed a deep elf pyromancer
   679 | D        | Noticed a fire elemental
   681 | D        | Mangled by a fire elemental

Illustrated notes

Levels and vault maps discovered:
D:        dungeon_sprint_mu [sprint_mu_entry_forest, sprint_mu_temple_rooms,
          sprint_mu_d1_horrors, sprint_mu_d2_genie, sprint_mu_d3_branching,
          sprint_mu_orc_legion, sprint_mu_elf_gauntlet, sprint_mu_hive_nellie,
          sprint_mu_lair_fedhas, sprint_mu_vaults_butterflies,
          sprint_mu_slime_circle, sprint_mu_shoals_kraken,
          sprint_mu_snake_twists, sprint_mu_blade_basic,
          sprint_mu_crypt_fortress, sprint_mu_tomb_spiral,
          sprint_mu_vestibule_basic, sprint_mu_gehenna_hellfire,
          sprint_mu_dis_giant, sprint_mu_tartarus_statrot,
          sprint_mu_cocytus_islands, sprint_mu_zot1]

Skill      XL: |  1  2  3  4  5 |
---------------+----------------+-----
Unarmed Combat | 4 5 6 7 |  7.1
Stealth        | 1 2 3 |  3.0
Dodging        | 3 4 |  4.2
Transmutations | 4 |  4.5
Spellcasting   | 3 4 |  4.2
Fighting       | |  1.0

Action                   |  1- 3 |  4- 6 || total
-------------------------+-------+-------++-------
Melee: Unarmed           |    25 |    12 ||    37
       Tentacles         |     4 |     1 ||     5
       Kick              |     3 |       ||     3
       Constrict         |     2 |       ||     2
 Cast: Beastly Appendage |     5 |       ||     5
       Wereblood         |     1 |     1 ||     2
       Spider Form       |       |     1 ||     1
       Ice Form          |       |     1 ||     1
  Use: Potion            |     3 |     1 ||     4
 Stab: Sleeping          |     1 |       ||     1
Armor: Skin              |     1 |     3 ||     4
Dodge: Dodged            |    10 |    10 ||    20

Table legend: (Time is in decaauts)
 A = Elapsed time spent in this place.
 B = Non-inter-level travel time spent in this place.
 C = Inter-level travel time spent in this place.
 D = Time resting spent in this place.
 E = Time spent auto-exploring this place.
 F = Levels seen in this place.
 G = Mean time per level.
                   A        B        C        D        E       F      G
               +--------+--------+--------+--------+--------+-----+--------+
         Total |    688 |    688 |      0 |    522 |      1 |   1 |  688.0 |
       Dungeon |    688 |    688 |      0 |    522 |      1 |   1 |  688.0 |
               +--------+--------+--------+--------+--------+-----+--------+

Top non-repeatable levels by time:
       D: 688 daAuts
